 Dungeon Crawl Stone Soup version 0.21.1-1-g345015fe64 (webtiles) character file.

81272 NullDivider the Unseen (level 15, -13/84 HPs)
             Began as a Spriggan Artificer on Apr 5, 2018.
             Was an Initiate of Gozag.
             Shot with a stone by a faun (15 damage)
             ... on level 1 of the Shoals on Apr 7, 2018.
             The game lasted 05:11:23 (41000 turns).

NullDivider the Unseen (Spriggan Artificer)        Turns: 41000, Time: 05:11:23

Health: -13/84     AC:  9    Str: 11    XL:     15   Next: 26%
Magic:  30/30      EV: 36    Int: 13    God:    Gozag
Gold:   4318       SH:  0    Dex: 30    Spells: 28/34 levels left

rFire    + + .     SeeInvis +   v - +3 dagger (venom)
rCold    + . .     Gourm    .   (shield restricted)
rNeg     . . .     Faith    .   K - +2 robe {Archmagi}
rPois    +         Spirit   .   e - +2 hat {MR+}
rElec    .         Reflect  .   c - +2 cloak
rCorr    .         Harm     .   (gloves unavailable)
MR       +++++                  (boots unavailable)
Stlth    ++++++++..             L - amulet "Jaevug" {*Slow rF++ rC+ Regen+ Str+3}
HPRegen  0.64/turn              a - ring "Mengiot" {rPois MR+++ Dex+7 Slay+3}
MPRegen  0.22/turn              y - ring of stealth

@: slowed, quick
A: very small, unfitting armour, see invisible, herbivore, speed 3, slow
metabolism 2, MP-powered wands
a: Potion Petition, Call Merchant, Bribe Branch, Renounce Religion


You were on level 1 of the Shoals.
You worshipped Gozag.
Gozag was most pleased with you.
You were hungry.

You visited 4 branches of the dungeon, and saw 23 of its levels.
You also visited: Sewer and Ossuary.

You collected 8797 gold pieces.
You spent 4458 gold pieces at shops.
You paid 21 gold pieces to Gozag.

Inventory:

Hand Weapons
 b - a +0 short sword of holy wrath
 v - a +3 dagger of venom (weapon)
 A - the +4 dagger of Vuoklegh {speed, rPois rF- Str+9}
   (You bought it in a shop on level 2 of the Orcish Mines)

   Attacks with this weapon are significantly faster.
   It affects your strength (+9).
   It makes you vulnerable to fire.
   It protects you from poison.
 N - a +3 falchion of freezing
 S - a +1 scimitar of flaming
Armour
 c - a +2 cloak (worn)
 e - a +2 hat of magic resistance (worn)
 K - a +2 robe of the Archmagi (worn)
Jewellery
 a - the ring "Mengiot" (left hand) {rPois MR+++ Dex+7 Slay+3}
   (You bought it in a shop on level 2 of the Orcish Mines)

   [ring of poison resistance]

   It affects your dexterity (+7).
   It affects your accuracy and damage with ranged weapons and melee attacks
   (+3).
   It protects you from poison.
   It affects your resistance to hostile enchantments.
 l - an uncursed ring of positive energy
 y - a ring of stealth (right hand)
 z - an uncursed ring of stealth
 L - the amulet "Jaevug" (around neck) {*Slow rF++ rC+ Regen+ Str+3}
   (You bought it in a shop on level 2 of the Orcish Mines)

   [amulet of regeneration]

   It affects your strength (+3).
   It greatly protects you from fire.
   It protects you from cold.
   It increases your rate of regeneration.
   It may slow you when you take damage.
 O - an uncursed ring of positive energy
 T - an uncursed ring of protection from cold
 U - a +3 ring of dexterity
Wands
 m - a wand of paralysis (14)
 q - a wand of iceblast (18)
 F - a wand of flame (17)
 R - a wand of clouds (4)
 W - a wand of enslavement (19)
 Y - a wand of disintegration (13)
Scrolls
 g - a scroll of vulnerability
 i - 3 scrolls of identify
 k - 14 scrolls of teleportation
 o - 17 scrolls of remove curse
 r - 3 scrolls of fog
 D - 3 scrolls of immolation
 G - 6 scrolls of magic mapping
 H - 4 scrolls of enchant armour
 M - 3 scrolls of blinking
 P - 3 scrolls of fear
 V - a scroll of acquirement
Potions
 d - 2 potions of ambrosia
 h - 4 potions of heal wounds
 p - 3 potions of mutation
 s - 4 potions of lignification
 t - 4 potions of berserk rage
 u - 3 potions of invisibility
 C - 4 potions of haste
 I - 3 potions of flight
 J - 2 potions of curing
 X - a potion of resistance
 Z - a potion of cancellation
Comestibles
 f - 21 rations


   Skills:
 + Level 12.0 Fighting
 + Level 12.1 Short Blades
 + Level 15.3 Dodging
 + Level 16.1 Stealth
   Level 1.0 Shields
 + Level 10.1 Spellcasting
 + Level 10.2 Hexes
 + Level 10.4 Evocations


You had 28 spell levels left.
You knew the following spells:

 Your Spells              Type           Power        Failure   Level  Hunger
a - Ensorcelled Hibernat  Hex/Ice        ####..       1%          2    None
b - Sting                 Conj/Pois      #...         11%         1    None
c - Confuse               Hex            ######..     1%          3    #......


Dungeon Overview and Level Annotations

Branches:
Dungeon (14/15)            Temple (0/1) D:6            Lair (6/6) D:8
 Shoals (1/4) Lair:3       Spider (0/4) Lair:3        Slime (0/5) Lair:6
    Orc (2/2) D:11            Elf (0/3) Orc:2        Vaults (0/5) D:13

Altars:
Dithmenos
Gozag
Hepliaklqana
Makhleb
Nemelex Xobeh
Qazlal
Sif Muna
Trog
Vehumet
Zin
Beogh

Shops:
D:8 !   D:9 }???}   D:13 *   Orc:2 *[(=

Annotations:
D:14 1 runed door


Innate Abilities, Weirdness & Mutations

You are very small and have problems with some larger weapons.
You are too small for most types of armour.
You have supernaturally acute eyesight. (SInv)
You are a herbivore.
You cover ground extremely quickly.
You need consume almost no food.
You expend magic power (3 MP) to strengthen your wands.


Message History

You enter the shallow water.
Moving in this stuff is going to be slow.
The faun shoots a stone.
The stone hits you.
The faun shoots a sling bullet.
The sling bullet completely misses you.
The faun shoots a stone.
The stone hits you!!
You hear a splash.
The faun shoots a sling bullet.
The sling bullet completely misses you.
The faun shoots a stone.
The stone hits you.
* * * LOW HITPOINT WARNING * * *
You hear a splash.
You see here 2 stones.
The faun shoots a sling bullet.
The sling bullet misses you.
The faun shoots a stone.
The stone closely misses you.
The faun shoots a sling bullet.
The sling bullet hits you!!
* * * LOW HITPOINT WARNING * * *
Things that are here:
a sling bullet; a stone The faun shoots a stone.
The stone hits you!
You die...
Your body crumbles into a pile of gold.

≈≈..≈..... ≈≈≈≈≈≈≈..
≈≈.≈≈≈≈≈. ≈..≈≈....
≈...≈...# ≈≈
≈....≈..####### ..≈≈
...≈.≈≈.......####..≈≈
#...≈≈<.#..≈..(....≈
##..≈≈≈@#(.≈≈≈......
....≈≈≈≈.(..≈≈≈≈.(#
....≈≈≈≈....(≈≈≈.(#
.........≈≈(≈≈≈...#
.......≈≈≈≈c....(##
....#..≈≈≈c≈c.(.(###
...##..≈≈≈≈≈≈≈$....##.#
.##.%.≈≈≈≈.≈≈≈........
#...≈≈$.....(###....


You could see 3 fauns.

Vanquished Creatures
  Kirke (D:12)
  An orc warlord (Orc:2)
  2 entropy weavers (Lair:5)
  4 two-headed ogres
  Josephine (D:13)
  An anaconda (shapeshifter) (D:13)
  6 hydras
  Erica (D:9)
  2 centaur warriors
  An ogre mage (D:9)
  A queen ant (Lair:5)
  A tengu warrior (D:11)
  A death yak (Lair:6)
  An orc high priest (Orc:2)
  Urug (D:14)
  Sonja (D:13)
  2 unseen horrors
  4 orc knights
  An oklob plant (Lair:6)
  An ugly thing (D:13)
  A faun (Shoals:1)
  4 orc sorcerers
  A cyclops (Orc:1)
  14 elephants (Lair:5)
  2 manticores
  The ghost of error the Sneak, a novice OpVM of Vehumet (D:7)
  2 centaur zombies
  Psyche (D:8)
  A torpor snail (Lair:6)
  5 black mambas
  10 spiny frogs
  3 centaur skeletons
  A rime drake (Lair:4)
  12 komodo dragons
  An efreet (D:14)
  A merfolk (Shoals:1)
  A tengu conjurer (D:14)
  A wind drake (shapeshifter) (D:13)
  8 trolls
  A meliai (D:14)
  4 polar bears (Lair:6)
  A jumping spider (shapeshifter) (D:13)
  6 hornets
  8 blink frogs
  A meliai zombie (D:13)
  10 hippogriffs
  2 dream sheep (Lair:6)
  2 redbacks (Lair:3)
  16 spriggans (Lair:6)
  A water elemental (D:12)
  Eustachio (D:4)
  2 wyverns
  4 hogs (D:7)
  2 wraiths (D:10)
  A basilisk (Lair:4)
  34 yaks
  A human (D:7)
  4 vampire mosquitoes
  2 hungry ghosts
  9 swamp worms (Lair:1)
  Menkaure (D:7)
  A warg (D:11)
  19 soldier ants
  A naga (D:13)
  10 water moccasins
  6 porcupines
  A swamp drake (shapeshifter) (D:9)
  6 black bears
  3 phantoms
  29 orc warriors
  3 eyes of draining
  2 ice beasts
  25 wolves
  13 ogres
  4 boggarts (Lair:6)
  8 centaurs
  17 crocodiles
  2 big kobolds
  18 bullfrogs
  4 water moccasin zombies (Ossuary)
  A wyvern skeleton (D:12)
  A wyvern zombie (D:12)
  8 scorpions
  17 wights
  6 killer bees
  An electric eel (D:12)
  8 howler monkeys
  6 crimson imps
  A bullfrog zombie (D:5)
  5 hounds
  22 orc wizards
  27 orc priests
  A bullfrog skeleton (D:12)
  A gnoll shaman (D:5)
  3 jellies
  4 iguanas
  24 worker ants
  A hound skeleton (D:4)
  2 howler monkey zombies (D:7)
  2 mummies (Ossuary)
  10 gnolls
  3 worker ant zombies
  2 howler monkey skeletons
  A river rat (D:4)
  7 adders
  2 shadow imps (D:7)
  2 oozes
  7 adder zombies (Ossuary)
  11 worms
  A dart slug (D:4)
  6 leopard geckos
  97 orcs
  12 giant cockroaches
  5 gnoll zombies (Ossuary)
  11 goblins
  8 hobgoblins
  10 jackals
  12 kobolds
  3 quokkas
  12 ball pythons
  9 bats
  9 frilled lizards
  6 hobgoblin zombies (Ossuary)
  A jackal skeleton (D:7)
  4 kobold zombies (Ossuary)
  4 orc zombies (Ossuary)
  15 rats
  3 plants
803 creatures vanquished.

Vanquished Creatures (collateral kills)
  Gastronok (D:8)
  A skeletal warrior (D:14)
  A centaur skeleton (D:10)
  A gargoyle (D:11)
  4 wraiths (D:10)
  An eye of draining (D:6)
  An orc warrior (D:11)
  2 centaurs (D:14)
  3 wights (D:11)
  2 gnolls (D:5)
  2 orcs
19 creatures vanquished.

Vanquished Creatures (others)
  A wight (D:9)
  A gnoll (D:5)
  An orc zombie (Ossuary)
  16 fungi
  11 plants
30 creatures vanquished.

Grand Total: 852 creatures vanquished

Notes
Turn   | Place    | Note
-------+----------+-------------------------------------------
     0 | D:1      | NullDivider the Spriggan Artificer began the quest for the Orb.
     0 | D:1      | Reached XP level 1. HP: 9/9 MP: 4/4
   158 | D:1      | Reached skill level 1 in Fighting
   158 | D:1      | Reached skill level 2 in Stealth
   158 | D:1      | Reached XP level 2. HP: 13/14 MP: 6/6
   872 | D:1      | Reached XP level 3. HP: 18/18 MP: 7/7
  1573 | D:2      | Found an opulent altar of Gozag.
  1592 | D:2      | Became a worshipper of Gozag Ym Sagoz the Greedy
  2159 | D:2      | Reached XP level 4. HP: 23/23 MP: 8/8
  2425 | D:2      | Found a shadowy altar of Dithmenos.
  3454 | D:3      | Reached skill level 3 in Stealth
  3899 | D:3      | Reached XP level 5. HP: 27/27 MP: 9/9
  4074 | D:3      | Reached skill level 5 in Evocations
  4646 | D:4      | Noticed an ogre
  4656 | D:4      | Killed an ogre
  4656 | D:4      | Reached skill level 4 in Stealth
  4656 | D:4      | Reached XP level 6. HP: 32/32 MP: 9/11
  4693 | D:4      | Reached skill level 5 in Dodging
  4803 | D:4      | Noticed Eustachio
  5270 | D:4      | Found a glowing drain.
  5279 | Sewer    | Entered a sewer
  5553 | Sewer    | Reached XP level 7. HP: 34/36 MP: 12/12
  6342 | D:4      | Killed Eustachio
  6342 | D:4      | Reached skill level 5 in Stealth
  7271 | D:5      | Entered Level 5 of the Dungeon
  7574 | D:5      | Found a deep blue altar of Sif Muna.
  7642 | D:5      | Reached XP level 8. HP: 42/42 MP: 13/13
  7712 | D:5      | Reached skill level 6 in Stealth
  7943 | D:5      | Reached skill level 5 in Fighting
  8899 | D:6      | Found a bloodstained altar of Trog.
  8917 | D:6      | Reached skill level 7 in Stealth
  9030 | D:6      | Found a hazy altar of Hepliaklqana.
  9040 | D:6      | Reached skill level 5 in Short Blades
  9308 | D:6      | Reached XP level 9. HP: 42/48 MP: 15/15
  9390 | D:6      | Found a glowing silver altar of Zin.
  9646 | D:6      | Found a staircase to the Ecumenical Temple.
 10104 | D:7      | Found a sand-covered staircase.
 10108 | Ossuary  | Entered an ossuary
 10802 | D:7      | Reached skill level 8 in Stealth
 10885 | D:7      | Noticed error's ghost (novice OpVM)
 10914 | D:7      | Killed error's ghost
 11115 | D:7      | Found a radiant altar of Vehumet.
 11134 | D:7      | Found a sparkling altar of Nemelex Xobeh.
 11134 | D:7      | Noticed Menkaure
 11143 | D:7      | Killed Menkaure
 11158 | D:7      | Found a radiant altar of Vehumet.
 11671 | D:7      | Reached skill level 9 in Stealth
 11681 | D:7      | Reached XP level 10. HP: 31/55 MP: 17/17
 13380 | D:8      | Noticed a two-headed ogre
 13427 | D:8      | Noticed Psyche
 13446 | D:8      | Found Qageroys's Distillery.
 13460 | D:8      | Noticed Gastronok
 13821 | D:8      | Killed Gastronok
 13822 | D:8      | Reached skill level 10 in Stealth
 13926 | D:8      | Bought a potion of curing for 45 gold pieces
 14040 | D:8      | Found a staircase to the Lair.
 14582 | D:8      | Found a stormy altar of Qazlal.
 14584 | D:8      | Killed Psyche
 14805 | D:9      | Found Vuili's Magic Scroll Shoppe.
 14815 | D:9      | Bought a scroll of magic mapping for 49 gold pieces
 14815 | D:9      | Bought a scroll of blinking for 105 gold pieces
 14884 | D:9      | Found Wiyvvopn's Magic Scroll Shop.
 14896 | D:9      | Bought a scroll of enchant armour for 112 gold pieces
 15114 | D:9      | Reached skill level 10 in Dodging
 15140 | D:9      | Found Kauzaf's Gadget Shoppe.
 15172 | D:9      | Bought a wand of flame (23) for 162 gold pieces
 15225 | D:9      | Noticed a two-headed ogre
 15228 | D:9      | Killed a two-headed ogre
 15254 | D:9      | Reached XP level 11. HP: 54/60 MP: 19/19
 15494 | D:9      | Reached skill level 10 in Evocations
 15532 | D:9      | Noticed an ogre mage
 15560 | D:9      | Killed an ogre mage
 15603 | D:9      | Learned a level 2 spell: Ensorcelled Hibernation
 15638 | D:9      | Noticed Erica
 15675 | D:9      | Killed Erica
 15675 | D:9      | Reached skill level 11 in Stealth
 15719 | D:9      | Found Gaak's Magic Scroll Shop.
 15726 | D:9      | Bought a scroll of magic mapping for 45 gold pieces
 15726 | D:9      | Bought a scroll of enchant armour for 97 gold pieces
 15763 | D:9      | Found Bairhe's Gadget Shop.
 15900 | D:9      | Bought a wand of paralysis (20) for 352 gold pieces
 15968 | D:10     | Entered Level 10 of the Dungeon
 15987 | D:10     | Learned a level 1 spell: Sting
 16000 | D:10     | Noticed a two-headed ogre
 16057 | D:10     | Reached skill level 1 in Spellcasting
 16057 | D:10     | Reached skill level 1 in Hexes
 16074 | D:10     | Noticed Josephine
 16105 | D:10     | Found a glowing silver altar of Zin.
 16688 | D:10     | Killed a two-headed ogre
 16936 | D:11     | Found a roughly hewn altar of Beogh.
 16938 | D:11     | Found a staircase to the Orcish Mines.
 17853 | D:11     | Noticed an orc knight
 18468 | D:11     | Killed an orc knight
 18806 | D:11     | Noticed a two-headed ogre
 18819 | D:11     | Noticed a tengu warrior
 18821 | D:11     | Killed a two-headed ogre
 18858 | D:11     | Killed a tengu warrior
 19065 | D:11     | Reached skill level 12 in Stealth
 19224 | D:9      | Bought a box of beasts for 260 gold pieces
 19224 | D:9      | Bought a wand of enslavement (13) for 195 gold pieces
 19278 | D:12     | Reached XP level 12. HP: 67/67 MP: 20/20
 20139 | D:12     | Noticed Kirke
 20201 | D:12     | Killed Kirke
 20201 | D:12     | Reached skill level 10 in Fighting
 20862 | D:12     | You fall through a shaft!
 20981 | D:13     | Noticed Sonja
 20984 | D:13     | Killed Sonja
 20984 | D:13     | Reached skill level 5 in Hexes
 21392 | D:13     | Reached skill level 5 in Spellcasting
 21451 | D:13     | Noticed a centaur warrior
 21503 | D:13     | Killed Josephine
 21936 | D:13     | Found Wuamurche's Serpentskin Sales.
 22095 | D:13     | Bought a cursed ring of poison resistance for 221 gold pieces
 22121 | D:13     | Found a gate to the Vaults.
 22157 | D:13     | Noticed an anaconda
 22165 | D:13     | Reached skill level 13 in Stealth
 22171 | D:13     | Noticed an ice dragon
 22171 | D:13     | a slime creature changed into an ice dragon
 22173 | D:13     | Noticed an anaconda
 22173 | D:13     | an ice dragon changed into an anaconda
 22195 | D:13     | Killed an anaconda
 22459 | D:13     | Killed a centaur warrior
 22972 | D:14     | Noticed a centaur warrior
 23239 | D:14     | Killed a centaur warrior
 23572 | D:14     | Noticed Urug
 23578 | D:14     | Killed Urug
 23578 | D:14     | Reached XP level 13. HP: 65/72 MP: 19/22
 24353 | D:14     | Found a runed door.
 24353 | D:14     | Noticed a vampire knight
 24380 | D:14     | Reached skill level 10 in Short Blades
 26213 | Lair:1   | Entered Level 1 of the Lair of Beasts
 28450 | Lair:2   | Reached skill level 14 in Stealth
 29973 | Lair:3   | Found a hole to the Spider Nest.
 30150 | Lair:3   | Found a staircase to the Shoals.
 31418 | Lair:3   | Reached XP level 14. HP: 68/79 MP: 16/27
 33430 | Lair:5   | Noticed an entropy weaver
 33432 | Lair:5   | Noticed an entropy weaver
 33434 | Lair:5   | Reached skill level 15 in Stealth
 33642 | Lair:5   | Identified a scroll of acquirement
 33956 | D:13     | Learned a level 3 spell: Confuse
 34319 | Lair:5   | Killed an entropy weaver
 34334 | Lair:5   | Killed an entropy weaver
 34964 | Lair:6   | Entered Level 6 of the Lair of Beasts
 35519 | Lair:6   | Found a staircase to the Slime Pits.
 37332 | Lair:6   | Reached skill level 1 in Shields
 37988 | Orc:1    | Entered Level 1 of the Orcish Mines
 38144 | D:11     | Reached skill level 15 in Dodging
 38210 | Orc:1    | Reached XP level 15. HP: 77/84 MP: 26/29
 38435 | Orc:1    | Found a burning altar of Makhleb.
 38634 | Orc:2    | Entered Level 2 of the Orcish Mines
 38754 | Orc:1    | Reached skill level 10 in Hexes
 39565 | Orc:2    | Reached skill level 16 in Stealth
 39565 | Orc:2    | Reached skill level 10 in Spellcasting
 39575 | Orc:2    | Found a roughly hewn altar of Beogh.
 39603 | Orc:2    | Noticed an orc warlord
 39775 | Orc:2    | Killed an orc warlord
 40030 | Orc:2    | Found Xueseyma's General Store.
 40037 | Orc:2    | Found Riddoloaq's Jewellery Shoppe.
 40075 | Orc:2    | Found Reilill's Antique Weapon Shoppe.
 40207 | Orc:2    | Found a staircase to the Elven Halls.
 40298 | Orc:2    | Bought a scroll of magic mapping for 45 gold pieces
 40298 | Orc:2    | Bought a scroll of immolation for 45 gold pieces
 40298 | Orc:2    | Bought a ration for 65 gold pieces
 40314 | Orc:2    | Bought a dazzling dagger for 245 gold pieces
 40330 | Orc:2    | Bought the ring "Mengiot" {rPois MR+++ Dex+7 Slay+3} for 1048 gold pieces
 40331 | Orc:2    | Identified the +4 dagger of Vuoklegh {speed, rPois rF- Str+9} (You bought it in a shop on level 2 of the Orcish Mines)
 40342 | Orc:2    | Bought the amulet "Jaevug" {*Slow rF++ rC+ Regen+ Str+3} for 995 gold pieces
 40443 | Orc:2    | Found Riwuron's Antique Armour Shoppe.
 40449 | Orc:2    | Bought a fabulously ornate robe for 102 gold pieces
 40449 | Orc:2    | Bought a troll leather armour for 270 gold pieces
 40451 | Orc:2    | Identified the +1 robe of Cacro {MR++ Int+4} (You bought it in a shop on level 2 of the Orcish Mines)
 40673 | Orc:1    | Gained mutation: You expend magic power (3 MP) to strengthen your wands. [a neqoxec]
 40945 | Shoals:1 | Entered Level 1 of the Shoals
 40999 | Shoals:1 | HP: 1/84 [faun/sling bullet (25)]
 41000 | Shoals:1 | Shot with a stone by a faun

Skill      XL: |  1  2  3  4  5  6  7  8  9 10 11 12 13 14 15 |
---------------+----------------------------------------------+-----
Fighting       | 1 2 3 4 5 7 8 9 10 11 12 | 12.0
Stealth        | 2 3 4 5 7 9 10 12 13 14 15 16 | 16.1
Short Blades   | 2 3 4 5 6 7 8 9 10 11 12 | 12.1
Dodging        | 4 5 6 7 8 10 11 12 13 15 | 15.3
Evocations     | 5 6 7 8 9 10 | 10.4
Spellcasting   | 3 5 8 9 10 | 10.1
Hexes          | 3 6 8 9 10 | 10.2
Shields        | 1 |  1.0

Action                   |  1- 3 |  4- 6 |  7- 9 | 10-12 | 13-15 || total
-------------------------+-------+-------+-------+-------+-------++-------
Melee: Short sword       |   133 |    36 |       |       |       ||   169
       Dagger            |       |   244 |   682 |  1052 |  2507 ||  4485
       Falchion          |       |       |       |       |    26 ||    26
 Fire: Hunting sling     |       |       |       |       |    54 ||    54
 Cast: Ensorcelled Hiber |       |       |       |    36 |   150 ||   186
       Sting             |       |       |       |     2 |       ||     2
       Confuse           |       |       |       |       |    13 ||    13
Evoke: Wand              |     8 |    11 |    26 |    81 |    28 ||   154
       Box of beasts     |       |       |       |       |     1 ||     1
  Use: Scroll            |       |     3 |    11 |    12 |     9 ||    35
 Stab: Sleeping          |     8 |     9 |    27 |    44 |   103 ||   191
       Distracted        |       |     4 |     2 |     8 |    28 ||    42
       Paralysed         |       |     1 |     1 |     4 |     2 ||     8
       Betrayed ally     |       |       |     1 |     1 |       ||     2
       Confused          |       |       |       |       |    10 ||    10
  Eat: Ration            |       |     1 |     4 |     9 |    11 ||    25
Armor: Robe              |     4 |    36 |    60 |    46 |   106 ||   252
Dodge: Dodged            |    99 |   215 |   471 |   803 |  1618 ||  3206
       Rpst.: Falchion   |       |       |       |       |     7 ||     7
